woodfighter, chaotic female orcish Cavewoman #### #--------------------------------- #|...............................| #|.------------.....------------ | #|.|*%.|...|..|.....+ #|%|%)=|...|..|.....| #|.|%=*|...|..|.....| | #|.|..+|...||--.....-----+---+--.| #..-|----|--.....................| ###|*............{......{%.........| # #|.-|---|---....--|---...........+ +######### #|.|@@.|...----.|....|.-----|--- | #|.|((h|...| +.|....|.+ |....| +###########|.|%.?|...| |.|.._.|.| |....| |.|.(?|...| |.|.%..|.| |.(..| |.--------- -.------.- ------ |. . . --- --- --- woodfighter the Young Cave Woman Experience level: 7 Strength: 18/05 Dexterity: 14 Constitution: 17 Intelligence: 8 Wisdom: 10 Charisma: 10 Health: 0(60) Energy: 22(22) Def: 10 Gold: 248 Moves: 3390 Dungeon seed: I7Q_KYS2NhZArOtS Game ID: woodfighter_1475230704 Your Inventory: Coins $ - 248 gold pieces Weapons a - a +1 club (weapon in hand) n - 29 +0 arrows Armor y - an uncursed +0 pair of jumping boots (being worn) I - an uncursed +0 dwarvish mithril-coat (being worn) L - an uncursed +0 dwarvish cloak (being worn) O - an uncursed +0 pair of leather gloves (being worn) Q - an uncursed +1 helm of brilliance (being worn) Comestibles c - an uncursed tin of newt meat i - 2 uncursed candy bars l - an uncursed fortune cookie m - an uncursed lichen corpse x - an uncursed food ration Potions k - an uncursed potion of see invisible s - an uncursed potion of gain level A - an uncursed potion of restore ability Spells and supernatural/magical abilities: Name Level Category Fail Memory W - pray for help -- divine ? -- Y - supernatural jump -- ability ? -- Your skills at the end: Miscellaneous Skills bare handed combat [Basic] Weapon Skills scimitar [Basic] club [Basic] sling [Basic] Spellcasting Skills Final Attributes: You were piously aligned. You were poison resistant. You had infravision. You were very stealthy. You could jump. You were fast. You are dead. Vanquished creatures: 2 large mimics 2 small mimics a fog cloud 2 gnome lords a ghoul a straw golem a paper golem 2 giant ants 7 dwarves 3 hill orcs 2 rothes 2 dwarf zombies a gas spore an acid blob a large kobold a gecko a brown mold 2 yellow molds a green mold a red mold 17 gnomes a jackal a kobold 3 newts a goblin 2 sewer rats 5 grid bugs 5 lichens 2 kobold zombies 72 creatures vanquished. Voluntary challenges: You did not adorn yourself with jewelry or accessories. You did not cause conflict. You were not invisible. You did not have reflection. You were not displaced. You had been an atheist until turn 2637. You used a wielded weapon 128 times, starting on turn 20. You did not apply a unicorn horn. You did not use plumbed fixtures. You did not drink any magical draughts. You were illiterate. You never genocided any monsters. You never polymorphed an object. You never changed form. You used no wishes. You never split a pudding. You never wrote Elbereth's name. You never violated your personal moral code. Dungeon overview: The Dungeons of Doom: levels 1 to 5 Level 1 (vault) a sink a long staircase Level 2 a fountain Level 3 a fountain Level 4 some fountains, a sink stairs to The Gnomish Mines Level 5 The Gnomish Mines: levels 5 to 8 Level 5 stairs to The Dungeons of Doom Level 6 Level 8 <- You were here some shops, a temple to Anshar, a magic chest, some fountains History has recorded: On T:1 you entered the Dungeons of Doom to retrieve the Amulet of Yendor! On T:216 you reached level 2 of The Dungeons of Doom. On T:482 you reached level 3 of The Dungeons of Doom. On T:914 you reached level 4 of The Dungeons of Doom. On T:1079 you advanced to experience level 2. On T:1457 you reached level 5 of The Dungeons of Doom. On T:1513 you advanced to experience level 3. On T:1650 you reached level 1 of The Gnomish Mines. On T:1752 you advanced to experience level 4. On T:1991 you reached level 2 of The Gnomish Mines. On T:2360 you advanced to experience level 5. On T:2637 you prayed to Anshar. On T:2882 you reached level 4 of The Gnomish Mines. On T:2974 you advanced to experience level 6. On T:3053 you entered the Minetown temple On T:3188 you opened a magic chest. On T:3378 you advanced to experience level 7. Score breakdown: Gold: 248 ( 24 points) Experience: 7 levels ( 600 points) Exploration: 8 levels ( 210 points) Discoveries: 11 items ( 550 points) Variety of kills: 29 monsters ( 1450 points) Major goal: reached Minetown ( 500 points) Survival: died (score multiplied by 3) Total score: 10002 Latest messages: You cannot drop something you are wearing. You drop an uncursed +0 helm of brilliance. You sold an uncursed +0 helm of brilliance for 25 gold pieces. You drop a cursed faded pall. You sold a cursed faded pall for 23 gold pieces. You drop an uncursed +0 dwarvish cloak. You sold an uncursed +0 dwarvish cloak for 25 gold pieces. You drop an uncursed +0 dwarvish cloak. You sold an uncursed +0 dwarvish cloak for 25 gold pieces. You drop an uncursed shining spellbook. You sold an uncursed shining spellbook for 50 gold pieces. Suddenly, a section of wall closes up! "Hello, woodfighter! Welcome again to Niknar's hardware store!" You see here a harp (89 zorkmids). There are a few objects here. You hit the dwarf lord! The dwarf lord swings his broad pick at the cavewoman. The dwarf lord hits you! The dwarf lord swings his broad pick at the cavewoman. The dwarf lord hits you! You die... Niknar gratefully inherits all your possessions. Final status: Goodbye woodfighter the Cavewoman, killed by a dwarf lord... You died in The Gnomish Mines on dungeon level 8 with 10002 points, and 248 pieces of gold, after 3390 moves. You were level 7 with a maximum of 60 hit points when you died.